Sylvana, chaotic female sylph Wizard --- ---- ---.-----.|.--- --.--- |..| --.............| ..@..| |..| --.....----.....- $ .....| |..--- --........| |......| ..%.- --....| |.........| -.....| %i..||.....| ---..%.---..--- --...| ...---....-----.....$| --...| --..| ...---.....|........| |...| |.$| ....--......... ...-- |.--- --- $ ........$...... ...| --- .|.-----..........-------- |.).-- ...............|.--- |.<..| ..--...............| |....--------.........%...- ----..| -....|$.......- --.| -..----........ --- ---...... --.-- --- Sylvana the Conjurer Experience level: 5 Strength: 10 Dexterity: 10 Constitution: 12 Intelligence: 19 Wisdom: 20 Charisma: 8 Health: 34(38) Energy: 57(67) Def: 3 Gold: 868 Moves: 2053 Dungeon seed: evqR4b4zN142PgOo Game ID: Sylvana_1543803841 Your Inventory: Coins $ - 868 gold pieces Weapons a - a blessed +1 quarterstaff (alternate weapon; not wielded) v - 2 uncursed +0 daggers D - 42 cursed +0 ya E - a cursed +1 yumi (weapon in hand) Armor e - an uncursed +0 cloak of magic resistance (being worn) y - an uncursed +0 pair of iron shoes (being worn) Comestibles r - an uncursed sprig of wolfsbane F - 4 cursed food rations G - 2 uncursed tripe rations Scrolls k - an uncursed scroll of genocide p - an uncursed scroll of confuse monster t - an uncursed scroll of enchant armor w - an uncursed scroll of teleportation A - a cursed scroll of enchant weapon Spellbooks b - a blessed spellbook of force bolt c - an uncursed spellbook of cure blindness Potions f - an uncursed potion of gain energy g - an uncursed potion of healing m - an uncursed potion of fruit juice o - an uncursed potion of paralysis u - an uncursed potion of extra healing Wands d - an uncursed wand of nothing (0:5) j - an uncursed wand of enlightenment (0:12) x - a cursed wand of enlightenment (0:15) C - an uncursed wand of probing (0:3) Tools h - an uncursed skeleton key i - an uncursed credit card Gems n - an uncursed worthless piece of violet glass q - an uncursed worthless piece of white glass z - an uncursed opal Spells and supernatural/magical abilities: Name Level Category Fail Memory a - force bolt 1 attack 0% 90% B - cure blindness 2 healing 55% 90% W - pray for help -- divine ? -- Your skills at the end: Miscellaneous Skills wands [Basic] Weapon Skills quarterstaff [Basic] Spellcasting Skills attack spells [Basic] enchantment spells [Basic] Final Attributes: You were piously aligned. You were magic-protected. You saw invisible. You had infravision. You were stealthy. You were protected from shape changers. You survived. Vanquished creatures: a ghost a gnome lord a puppy a floating eye 2 kittens 2 dwarves a jitterbug 2 dwarf zombies 2 coyotes a gas spore 2 acid blobs a large kobold a gecko 2 giant rats a yellow mold a green mold 4 gnomes 6 jackals a kobold 3 newts a sewer rat 3 grid bugs a lichen a kobold zombie 42 creatures vanquished. Voluntary challenges: You followed a strict vegan diet. You did not adorn yourself with jewelry or accessories. You did not cause conflict. You were not invisible. You did not have reflection. You were not displaced. You used a wielded weapon 50 times, starting on turn 174. You did not use containers. You did not apply a unicorn horn. You did not use plumbed fixtures. You did not drink any magical draughts. You read items or engraved 2 times, starting on turn 2051. You never genocided any monsters. You never polymorphed an object. You never changed form. You used no wishes. You never split a pudding. You never wrote Elbereth's name. You never violated your personal moral code. Dungeon overview: The Dungeons of Doom: levels 1 to 4 Level 1 an altar to Ptah a long staircase Level 2 some fountains portal to Advent Calendar Level 3 many fountains, a sink stairs to The Gnomish Mines Level 4 The Gnomish Mines: Level 4 <- You were here stairs to The Dungeons of Doom Advent Calendar: Level 4 many trees portal to The Dungeons of Doom History has recorded: On T:1 you entered the Dungeons of Doom to retrieve the Amulet of Yendor! On T:439 you reached level 2 of The Dungeons of Doom. On T:599 you reached level 1 of Advent Calendar. On T:951 you reached level 3 of The Dungeons of Doom. On T:965 you advanced to experience level 2. On T:1312 you reached level 4 of The Dungeons of Doom. On T:1356 you advanced to experience level 3. On T:1539 you prayed to Anhur. On T:1796 you reached level 1 of The Gnomish Mines. On T:1828 you advanced to experience level 4. On T:1899 you advanced to experience level 5. Score breakdown: Gold: 868 ( 86 points) Experience: 5 levels ( 400 points) Exploration: 4 levels ( 90 points) Discoveries: 1 item ( 50 points) Variety of kills: 24 monsters ( 1200 points) Major goal: (nothing yet) ( 0 points) Survival: quit (score multiplied by 3) Total score: 5478 Latest messages: G - 2 tripe rations. You are empty handed. a - a blessed +1 quarterstaff (alternate weapon; not wielded). You are now wielding your quarterstaff. You have no secondary weapon readied. You are empty handed. a - a blessed +1 quarterstaff (alternate weapon; not wielded). The long bow grows itself right into your hand! As you read the scroll, it disappears. You hear maniacal laughter in the distance. (You can name a scroll labeled DAIYEN FOOELS from the item naming menu.) As you read the scroll, it disappears. You feel very greedy. (You can name a scroll labeled VENZAR BORGAVVE from the item naming menu.) Never mind. To quit the game, use the 'save' command (typically on 'S'). Final status: Goodbye Sylvana the Wizard, quit... You quit in The Gnomish Mines on dungeon level 4 with 5478 points, and 868 pieces of gold, after 2053 moves. You were level 5 with a maximum of 38 hit points when you quit.